 Dungeon Crawl Stone Soup version 0.30-a0-782-ge64f9170bb (webtiles) character file.

Game seed: 4531089430279270981

16100 Ge0ff the Grave Robber (level 11, -12/88 HPs)
             Began as a Demigod Artificer on Feb 27, 2023.
             Mangled by an orc warrior
             ... wielding a +0 halberd
              (28 damage)
             ... on level 11 of the Dungeon.
             The game lasted 00:49:05 (19950 turns).

Ge0ff the Grave Robber (Demigod Artificer)         Turns: 19950, Time: 00:49:05

Health: -12/88     AC:  6    Str: 13    XL:     11   Next: 76%
Magic:  18/23      EV: 11    Int: 25    God:
Gold:   159        SH:  5    Dex: 14    Spells: 8/20 levels left

rFire   + . .      SeeInvis .    a - +3 short sword (elec)
rCold   . . .      Faith    .    (no shield)
rNeg    . . .      Spirit   .    h - +1 leather armour
rPois   .          Reflect  +    F - +0 helmet
rElec   .          Harm     .    L - +0 cloak
rCorr   .          Rampage  .    (no gloves)
Will    ++...                    (no boots)
Stlth   +                        U - amulet of reflection
HPRegen 0.34/turn                A - ring of willpower {=R}
MPRegen 0.18/turn                w - ring of protection from fire

@: no status effects
A: high MP 1, forlorn, divine attributes
a: no special abilities


You were on level 11 of the Dungeon.
You visited 1 branch of the dungeon, and saw 11 of its levels.
You also visited: Bailey.

You collected 549 gold pieces.
You spent 390 gold pieces at shops.

Inventory:

Hand Weapons
 a - a +3 short sword of electrocution (weapon)
 b - a +1 long sword of venom
 j - a +0 dagger of draining
 o - a +2 long sword of holy wrath
 s - a +5 spear of venom
 v - a +3 dagger
 x - a +4 scimitar
 y - a +2 flail
 C - a +0 scimitar of flaming
 J - a +2 dagger of holy wrath
 M - a +2 dagger of speed
 O - a +1 short sword of venom
 Q - a +0 sling
Missiles
 g - 33 stones (quivered)
 i - 7 boomerangs
 D - 6 javelins
 H - 4 poisoned darts
Armour
 h - a +1 leather armour (worn)
 r - an orb of wrath
 F - a +0 helmet (worn)
 K - +0 ice dragon scales
 L - a +0 cloak (worn)
 Y - a +4 scale mail
Magical Staves
 n - a staff of air
Jewellery
 w - a ring of protection from fire (right hand)
 A - a ring of willpower (left hand) {=R}
 G - a ring of ice
 U - an amulet of reflection (around neck)
Wands
 d - a wand of digging (3)
 e - a wand of charming (15)
 k - a wand of iceblast (5)
 p - a wand of paralysis (18)
 P - a wand of polymorph (3)
Scrolls
 m - a scroll of magic mapping
 B - a scroll of blinking
 E - 7 scrolls of fear
 S - a scroll of fog
 T - 6 scrolls of teleportation
 V - 4 scrolls of vulnerability
Potions
 q - 3 potions of curing
 t - a potion of might {unknown}
 u - a potion of mutation {!q}
 z - 4 potions of brilliance
 I - a potion of invisibility
 N - 2 potions of cancellation {!q}
 R - a potion of resistance
 W - 2 potions of heal wounds {!q}
 X - 5 potions of flight
 Z - a potion of berserk rage {!q}
Miscellaneous
 l - a lightning rod (inert)


   Skills:
 + Level 5.5 Fighting
 - Level 7.8(9.3) Short Blades
 - Level 7.9(9.4) Long Blades
 - Level 1.0 Maces & Flails
 - Level 2.0 Armour
 - Level 1.0 Dodging
 - Level 1.0 Stealth
 - Level 5.4 Spellcasting
 * Level 3.2 Conjurations
 - Level 7.9 Necromancy
 * Level 6.3 Ice Magic
 * Level 3.2 Air Magic
 - Level 4.0 Evocations


You had 8 spell levels left.
You knew the following spells:

 Your Spells              Type           Power      Damage    Failure   Level
k - Necrotise             Necr           100%       1d9       1%          1
m - Frozen Ramparts       Ice            76%        1d12      2%          3
C - Freezing Cloud        Conj/Ice/Air   14%        6-21      43%         5
E - Vampiric Draining     Necr           46%        2d9       1%          3

Your spell library contained the following spells:

 Spells                   Type           Power      Damage    Failure   Level
 Freeze                   Ice            100%       1d10      1%          1
 Hailstorm                Conj/Ice       30%        3d8       4%          3
 Agony                    Necr           46%        N/A       11%         5
 Kindle Blastsparks       Fire/Tloc/Air  24%        2d12      19%         3
 Ignite Poison            Fire/Tmut/Pois 6%         N/A       30%         3


Dungeon Overview and Level Annotations

Branches:
Dungeon (11/15) Zot: 25995  Temple (0/1) D:4            Lair (0/5) D:10
    Orc (0/2) D:10         Bailey (visited)

Shops:
D:4 ?


Innate Abilities, Weirdness & Mutations

You have an increased reservoir of magic. (+10% MP)
You shall have no god before yourself.
Your divine heritage dramatically boosts your attributes as you level up.


Message History

The bolt barely misses you.
The wall freezes the orc warrior.
The orc warrior barely misses you.
The wall freezes the orc warrior but does no damage.
The orc warrior misses you.
The wall freezes the orc but does no damage.
The orc shouts!
Aiming: Thunderbolt
Press: ? - help, Shift-Dir - straight line, f/p - orc knight
Aim: an orc knight, wielding a +0 arbalest and wearing a +0 plate armour (moderately wounded)
The thunderbolt hits the orc!!!
You kill the orc!
The thunderbolt hits the orc knight!!
The orc knight is severely wounded.
The thunderbolt hits the orc!!
You kill the orc!
The wall freezes the orc but does no damage.
The wall freezes the orc warrior!
The orc warrior hits you with a +0 glaive!
The wall freezes the orc warrior but does no damage.
The orc warrior hits you from afar with a +0 halberd!
Aiming: Thunderbolt
Press: ? - help, Shift-Dir - straight line, f/p - orc knight
Aim: an orc knight, wielding a +0 arbalest and wearing a +0 plate armour (severely wounded)
The thunderbolt hits the orc knight!!
The orc knight is almost dead.
The thunderbolt hits the orc!!
You kill the orc!
The lightning rod overheats!
The wall freezes the orc warrior!
The orc warrior hits you with a +0 glaive!!
The wall freezes the orc warrior.
The orc warrior hits you from afar with a +0 halberd!
The wall freezes the orc but does no damage.
The orc knight roars a battlecry!
The orcs go into a battle-frenzy!
The orc warrior attacks as you move away!
The orc warrior hits you with a +0 glaive!!
* * * LOW HITPOINT WARNING * * *
The frozen ramparts melt away as you move.
The orc warrior barely misses you.
Aiming: Iceblast
Press: ? - help, Shift-Dir - straight line, f - orc warrior
Aim: an orc warrior, wielding a +0 halberd and wearing a +0 plate armour (lightly wounded, strong)
The mass of ice explodes!
The iceblast engulfs the orc warrior!
The orc warrior is heavily wounded.
The iceblast engulfs the orc!
You kill the orc!
You feel a bit more experienced.
The iceblast engulfs the orc warrior!
You kill the orc warrior!
The orc warrior hits you from afar with a +0 halberd!!
You die...

.....# ##+###..#
.....# #........
##### #..!.#
#.......# #....
#....# #........
#...o)#....#
#.......#
#.)).o#....#
+........
#..oooo)...#
#.......# #....+
#........ #@...#
####'#### #'####
#.#### #.# #...#
#.# ###.## #.# #..#
##'##### ####'#
#>.....# ####.....
#......# #).'.....
#......####)##..)..


You could see an orc warrior (strong) and 2 orcs.

Vanquished Creatures
  Erica (D:10)
  A boulder beetle (D:11)
  2 two-headed ogres
  3 death yaks
  A cyclops (D:9)
  Joseph (D:8)
  4 molten gargoyles (D:11)
  A kobold demonologist (D:11)
  A hornet (D:10)
  Grinder (D:4)
  8 spriggans (Bailey)
  22 yaks
  A wraith (D:10)
  2 steam dragons
  Menkaure (D:4)
  3 water moccasins
  An acid dragon (Bailey)
  A sky beast (D:6)
  2 ice beasts
  4 orc warriors
  4 black bears
  5 ogres
  5 centaurs
  A phantom (D:5)
  2 kobold brigands
  2 bullfrogs
  2 necrophages
  2 gnoll sergeants
  2 scorpions
  12 wights
  3 howler monkeys (D:10)
  5 hounds
  A gnoll bouda (D:8)
  5 orc priests
  5 iguanas
  8 orc wizards
  13 gnolls
  7 adders
  2 white imps
  An ufetubus (D:6)
  2 dart slugs
  49 orcs
  8 ball pythons
  4 bats
  3 endoplasms
  4 giant cockroaches
  11 goblins
  10 hobgoblins
  4 jackals (D:1)
  20 kobolds
  6 quokkas
  5 frilled lizards
  2 rats (D:3)
276 creatures vanquished.

Vanquished Creatures (collateral kills)
  A shadow imp (D:5)
  An orc (D:5)
2 creatures vanquished.

Vanquished Creatures (others)
  An orc wizard (D:6)
1 creature vanquished.

Grand Total: 279 creatures vanquished

Notes
Turn   | Place    | Note
-------+----------+-------------------------------------------
     0 | D:1      | Ge0ff the Demigod Artificer began the quest for the Orb.
     0 | D:1      | Reached XP level 1. HP: 15/15 MP: 3/3
    61 | D:1      | Reached skill level 1 in Fighting
    99 | D:1      | Reached skill level 1 in Maces & Flails
   228 | D:1      | Reached XP level 2. HP: 23/23 MP: 4/4
   476 | D:1      | Reached skill level 1 in Short Blades
   888 | D:1      | Reached skill level 1 in Stealth
  1513 | D:2      | Reached XP level 3. HP: 28/28 MP: 5/5
  1941 | D:2      | Reached skill level 1 in Dodging
  2255 | D:3      | Reached skill level 1 in Long Blades
  2376 | D:3      | Reached XP level 4. HP: 37/37 MP: 6/6
  4891 | D:4      | Noticed Menkaure
  4904 | D:4      | Killed Menkaure
  4905 | D:4      | Reached XP level 5. HP: 25/45 MP: 7/7
  4945 | D:4      | Reached XP level 6. HP: 23/51 MP: 8/8
  5198 | D:4      | Noticed Grinder
  5204 | D:4      | Killed Grinder
  5205 | D:4      | Reached skill level 5 in Long Blades
  5205 | D:4      | Reached XP level 7. HP: 57/57 MP: 9/9
  5252 | D:4      | Found a staircase to the Ecumenical Temple.
  5965 | D:4      | Reached skill level 1 in Spellcasting
  5991 | D:4      | Found The Oracle's Delphic Readings.
  5997 | D:4      | Learned a level 1 spell: Necrotise
  5997 | D:4      | Bought a scroll of identify for 26 gold pieces
  5997 | D:4      | Bought a scroll of identify for 26 gold pieces
  5997 | D:4      | Bought a scroll of teleportation for 39 gold pieces
  5997 | D:4      | Bought a scroll of teleportation for 39 gold pieces
  6015 | D:5      | Entered Level 5 of the Dungeon
  6155 | D:4      | Found The Oracle's Delphic Readings.
  6476 | D:4      | Found a staircase to the Ecumenical Temple.
  6932 | D:4      | Reached skill level 1 in Necromancy
  7196 | D:5      | Learned a level 3 spell: Vampiric Draining
  7305 | D:5      | Reached XP level 8. HP: 55/63 MP: 15/15
  8524 | D:6      | Reached skill level 5 in Necromancy
  9883 | D:7      | Found a flagged portal.
  9900 | Bailey   | Entered a bailey
  9953 | Bailey   | Reached XP level 9. HP: 54/70 MP: 8/16
 10238 | Bailey   | Noticed a two-headed ogre
 10244 | Bailey   | Killed a two-headed ogre
 10245 | Bailey   | Reached skill level 5 in Fighting
 10251 | Bailey   | Reached skill level 5 in Short Blades
 10987 | D:7      | Reached XP level 10. HP: 81/81 MP: 8/18
 12876 | D:8      | Noticed Joseph
 12893 | D:8      | Killed Joseph
 12894 | D:8      | Reached skill level 5 in Spellcasting
 13918 | D:4      | Bought a book of Frost for 260 gold pieces
 13922 | D:4      | Learned a level 3 spell: Frozen Ramparts
 14280 | D:9      | Reached skill level 1 in Ice Magic
 14433 | D:9      | Noticed a two-headed ogre
 14438 | D:9      | Killed a two-headed ogre
 14716 | D:9      | Noticed a cyclops
 14719 | D:9      | Killed a cyclops
 16002 | D:10     | Entered Level 10 of the Dungeon
 16130 | D:10     | Found a staircase to the Orcish Mines.
 16255 | D:10     | Noticed a death yak
 16256 | D:10     | Noticed a death yak
 16262 | D:10     | Noticed a death yak
 16421 | D:9      | Killed a death yak
 16422 | D:9      | Reached XP level 11. HP: 20/86 MP: 22/22
 16710 | D:10     | Noticed Erica
 16979 | D:9      | Killed a death yak
 17285 | D:10     | Killed a death yak
 17286 | D:10     | Reached skill level 5 in Ice Magic
 17292 | D:10     | Learned a level 5 spell: Freezing Cloud
 17457 | D:10     | Paralysed by Erica for 2 turns
 17487 | D:10     | Killed Erica
 17588 | D:10     | Reached skill level 1 in Conjurations
 17588 | D:10     | Reached skill level 1 in Air Magic
 18038 | D:10     | Found a staircase to the Lair.
 18120 | D:10     | Paralysed by a hornet for 1 turns
 18411 | D:10     | Found a staircase to the Lair.
 19308 | D:11     | Noticed a boulder beetle
 19322 | D:11     | Killed a boulder beetle
 19943 | D:11     | Noticed an orc knight
 19950 | D:11     | Mangled by an orc warrior

Illustrated notes

Levels and vault maps discovered:
D:1:      dpeg_arrival_rhombi, layout_basic, basic_ecumenical_altar
D:2:      layout_rooms, basic_altar, chequers_serial_rivers_micro_c
D:3:      minmay_angry_zag, layout_basic, lemuel_coloured_pillars_altar,
          mainiacjoe_overflow_chevrons, nicolae_concentric_dashed_squares_mild,
          guppyfry_early_orc_mine
D:4:      layout_basic, nicolae_qazlal_eye_of_the_storm, kennysheep_little_box,
          mainiacjoe_overflow_surrounded_room, temple_statues,
          nicolae_nh_oracle_at_delphi, uniq_menkaure, uniq_grinder
D:5:      layout_gridville, nicolae_dithmenos_shadow_blocks
D:6:      corexii_shack_village, layout_basic, kennysheep_mini_moat
D:7:      layout_rooms, ashenzari_conservatory_becter, grunt_gozag_statues,
          enter_bailey_2, minmay_manual_mares
D:8:      minmay_spotlight, layout_cave_pools, minmay_misc_feat_roman,
          uniq_joseph
D:9:      layout_loops_ring, nemelex_xobeh_ov_fountains_minmay,
          gammafunk_temple_overflow_statue
D:10:     layout_cave_pods, dpeg_lair_monsters, orc_0_dummy, hex_tiny,
          uniq_erica
D:11:     layout_roguey, special_room [special_room_orc], minivault_8

Skill      XL: |  1  2  3  4  5  6  7  8  9 10 11 |
---------------+----------------------------------+-----
Fighting       | 1 2 3 5 |  5.5
Maces & Flails | 1 |  1.0
Short Blades   | 1 6 7 |  7.8
Evocations     | 3 4 |  4.0
Stealth        | 1 |  1.0
Armour         | 2 |  2.0
Dodging        | 1 |  1.0
Long Blades    | 1 3 5 7 |  7.9
Spellcasting   | 2 3 5 |  5.4
Necromancy     | 3 7 |  7.9
Ice Magic      | 3 6 |  6.3
Conjurations   | 3 |  3.2
Air Magic      | 3 |  3.2

Action                     |  1- 3 |  4- 6 |  7- 9 | 10-12 || total
---------------------------+-------+-------+-------+-------++-------
  Melee: Club              |    49 |       |       |       ||    49
         Short sword       |   100 |       |   167 |   423 ||   690
         Long sword        |    57 |    48 |    88 |     7 ||   200
         Punch             |       |       |     3 |    11 ||    14
         Dagger            |       |       |       |     8 ||     8
  Throw: Stone             |    12 |     6 |    29 |    34 ||    81
         Dart              |       |       |     2 |     3 ||     5
         Boomerang         |       |       |       |     4 ||     4
   Cast: Necrotise         |       |       |    24 |       ||    24
         Vampiric Draining |       |       |    45 |    60 ||   105
         Frozen Ramparts   |       |       |       |    21 ||    21
  Evoke: Wand              |     2 |    20 |     8 |    16 ||    46
         Lightning rod     |       |       |       |     4 ||     4
    Use: Scroll            |     5 |     7 |    11 |    10 ||    33
         Potion            |       |       |     1 |     1 ||     2
   Stab: Sleeping          |     6 |       |     3 |     1 ||    10
         Paralysed         |       |       |       |    11 ||    11
 Armour: Leather armour    |    48 |    11 |    64 |    38 ||   161
  Dodge: Dodged            |   128 |    27 |   120 |   119 ||   394
  Block: Other             |       |     6 |    49 |    59 ||   114
         Reflection        |       |       |     1 |     7 ||     8

Table legend: (Time is in decaauts)
 A = Elapsed time spent in this place.
 B = Non-inter-level travel time spent in this place.
 C = Inter-level travel time spent in this place.
 D = Time resting spent in this place.
 E = Time spent auto-exploring this place.
 F = Levels seen in this place.
 G = Mean time per level.
                   A        B        C        D        E       F      G
               +--------+--------+--------+--------+--------+-----+--------+
         Total |  19840 |  19020 |    820 |   1949 |  13828 |  12 | 1653.3 |
       Dungeon |  19131 |  18311 |    820 |   1576 |  13681 |  11 | 1739.2 |
        Bailey |    708 |    708 |      0 |    373 |    147 |   1 |  708.0 |
               +--------+--------+--------+--------+--------+-----+--------+

Top non-repeatable levels by time:
     D:3: 2727 daAuts
     D:9: 2702 daAuts
     D:4: 2099 daAuts
    D:10: 2019 daAuts
     D:8: 1992 daAuts
     D:6: 1641 daAuts
     D:1: 1606 daAuts
     D:5: 1456 daAuts
     D:7: 1298 daAuts
    D:11: 1004 daAuts
  Bailey: 708 daAuts
     D:2: 583 daAuts
